 Dungeon Crawl Stone Soup version 0.29-a0-700-g2f1814c7b2 (webtiles) character file.

Game seed: 7432223778512878618

20 DocClef the Skirmisher (level 2, -1/26 HPs)
             Began as a Palentonga Cinder Acolyte on June 25, 2022.
             Was a High Priest of Ignis.
             Succumbed to a goblin's poison
             ... on level 1 of the Dungeon.
             The game lasted 00:00:52 (467 turns).

DocClef the Skirmisher (Palentonga Cinder Acolyte)   Turns: 467, Time: 00:00:53

Health: -1/26      AC: 11    Str: 17    XL:     2   Next: 58%
Magic:  3/3        EV:  9    Int: 14    God:    Ignis [*****.]
Gold:   37         SH:  0    Dex:  5    Spells: 3/3 levels left

rFire   + . .      SeeInvis +     - Unarmed
rCold   . . .      Faith    .   (no shield)
rNeg    . . .      Spirit   .   a - +0 robe
rPois   .          Reflect  .   (no helmet)
rElec   .          Harm     .   (no cloak)
rCorr   .          Rampage  .   (no gloves)
Will    .....                   (no barding)
Stlth   +.........              (no amulet)
HPRegen 0.08/turn               (no ring)
MPRegen 0.08/turn               (no ring)

@: lethally poisoned (-1 -> -12), fiery-armoured, hasted, very quick
A: large, rugged brown scales 3, see invisible, deformed body, roll 1, armoured
tail
a: Rolling Charge, Renounce Religion, Fiery Armour, Foxfire Swarm, Rising Flame


You were on level 1 of the Dungeon.
You worshipped Ignis.
Ignis was extremely pleased with you.
You visited 1 branch of the dungeon, and saw 1 of its levels.

You collected 37 gold pieces.

Inventory:

Armour
 a - a +0 robe (worn)
Scrolls
 b - a scroll of amnesia {unknown}


   Skills:
 + Level 4.0 Fighting
 - Level 3.0 Unarmed Combat
 - Level 1.0 Spellcasting
 - Level 2.4 Fire Magic


You had 3 spell levels left.
You didn't know any spells.
Your spell library contained the following spells:

 Spells                   Type           Power      Damage    Failure   Level
 Scorch                   Fire           14%        2d6       16%         2


Dungeon Overview and Level Annotations

Branches:
Dungeon (1/15)

Altars:


Innate Abilities, Weirdness & Mutations

You are completely covered in rugged brown scales. (AC +3, +7% HP)
You have supernaturally acute eyesight. (SInv)
Armour fits poorly on your strangely shaped body.
You can roll at nearby foes to attack.
You have a long armoured tail.


Message History

You are poisoned.
You hit the goblin but do no damage.
You feel sick. The goblin hits you but does no damage.
You are more poisoned.
You feel very sick.
The quokka bites you but does no damage.
You feel very sick. The rat barely misses you.
The quokka attacks as you move away! The quokka completely misses you.
The goblin attacks as you move away!
The goblin hits you with a +1 dagger of venom.
You are lethally poisoned!
You feel very sick.
The quokka twitches its whiskers.
The quokka closely misses you.
A protective cloak of flame settles atop you.
* * * LOW HITPOINT WARNING * * *
You feel very sick. The goblin hits you but does no damage.
The goblin is burned by your cloak of flames.
You kill the goblin!
The rat barely misses you.
The quokka bites you but does no damage.
The quokka is burned by your cloak of flames.
The quokka is severely wounded.
It was a potion of haste.
You feel yourself speed up.
* * * LOW HITPOINT WARNING * * *
You feel very sick. The rat closely misses you. The quokka barely misses you.
You closely miss the quokka.
Your tail-slap misses the quokka.
The quokka is severely wounded.
* * * LOW HITPOINT WARNING * * *
You feel sick. The rat bites you but does no damage.
The rat is burned by your cloak of flames.
You kill the rat!
The quokka bites you but does no damage.
The quokka is burned by your cloak of flames.
You kill the quokka!
Your Fighting skill increases to level 4!
You die...

.........# ...........
.........# .............
.........# .............
$........# ............[
.........##...........##
........................
...........# #######.##
####.......# ######'##
#..)@†..# #.......#
#.......#####.....[.#
####>...............+
#........#.......#
#........#.......#
#........#.......#
#........#.......#
#........#........
#....†...##..#####


There were no monsters in sight!

Vanquished Creatures
  2 dart slugs (D:1)
  2 bats (D:1)
  An endoplasm (D:1)
  2 goblins (D:1)
  2 hobgoblins (D:1)
  2 quokkas (D:1)
  2 frilled lizards (D:1)
  A kobold (D:1)
  A rat (D:1)
15 creatures vanquished.

Notes
Turn   | Place    | Note
-------+----------+-------------------------------------------
     0 | D:1      | DocClef the Palentonga Cinder Acolyte began the quest for
                  | the Orb.
     0 | D:1      | Reached XP level 1. HP: 19/19 MP: 2/2
   350 | D:1      | Reached XP level 2. HP: 25/26 MP: 3/3
   466 | D:1      | HP: 1/26 [poisoned by a goblin]
   467 | D:1      | Reached skill level 4 in Fighting
   467 | D:1      | Succumbed to a goblin's poison

Illustrated notes

Levels and vault maps discovered:
D:1:      elethiomel_arrival_shortcut, layout_basic

Skill      XL: |  1  2 |
---------------+-------+-----
Fighting       | 4 |  4.0
Unarmed Combat | |  3.0
Spellcasting   | |  1.0
Fire Magic     | |  2.4

Action                   || total
-------------------------++-------
Melee: Unarmed           ||    34
       Tailslap          ||     5
Invok: Fiery Armour      ||     1
 Abil: Rolling Charge    ||     3
  Use: Potion            ||     1
Armor: Robe              ||    10
Dodge: Dodged            ||    24

Table legend: (Time is in decaauts)
 A = Elapsed time spent in this place.
 B = Non-inter-level travel time spent in this place.
 C = Inter-level travel time spent in this place.
 D = Time resting spent in this place.
 E = Time spent auto-exploring this place.
 F = Levels seen in this place.
 G = Mean time per level.
                   A        B        C        D        E       F      G
               +--------+--------+--------+--------+--------+-----+--------+
         Total |    464 |    464 |      0 |      0 |    386 |   1 |  464.0 |
       Dungeon |    464 |    464 |      0 |      0 |    386 |   1 |  464.0 |
               +--------+--------+--------+--------+--------+-----+--------+

Top non-repeatable levels by time:
     D:1: 464 daAuts
